 Dungeon Crawl Stone Soup version 0.28-a0-461-g2dc4ca5097 (webtiles) character file.

Game seed: 4770147222652239392

726 SkeletonJelly the Firebug (level 7, -4/57 HPs)
             Began as a Yellow Draconian Cinder Acolyte on Sept 13, 2021.
             Was an Elder of Ignis.
             Slain by a wraith (10 damage)
             ... on level 5 of the Dungeon.
             The game lasted 00:10:28 (4934 turns).

SkeletonJelly the Firebug (DrCA)                    Turns: 4934, Time: 00:10:29

Health: -4/57      AC:  7    Str: 16    XL:     7   Next: 44%
Magic:  1/12       EV: 11    Int: 16    God:    Ignis [****..]
Gold:   235        SH:  0    Dex:  7    Spells: 8/13 levels left

rFire   + . .      SeeInvis .   a - -1 falchion (flame)
rCold   . . .      Faith    .   (no shield)
rNeg    . . .      Spirit   .   (armour unavailable)
rPois   .          Reflect  .   (helmet restricted)
rElec   .          Harm     .   (no cloak)
rCorr   +          Rampage  .   (no gloves)
Will    .....                   c - +0 pair of boots
Stlth   +.........              (no amulet)
HPRegen 0.19/turn               (no ring)
MPRegen 0.13/turn               (no ring)

@: short of breath, slowed, very slow
A: spit acid, AC +6, unfitting armour, cold-blooded, acid resistance
a: Breathe Acid, Renounce Religion, Sea of Fire, Foxfire Swarm, Rising Flame


You were on level 5 of the Dungeon.
You worshipped Ignis.
Ignis was greatly pleased with you.
You visited 2 branches of the dungeon, and saw 6 of its levels.

You collected 235 gold pieces.

Inventory:

Hand Weapons
 a - a -1 falchion of flaming (weapon)
 y - a +2 whip of venom
 z - a +1 short sword of holy wrath
Missiles
 t - 6 poisoned darts
Armour
 c - a +0 pair of boots (worn)
 k - a +0 kite shield
 u - a +0 tower shield
Magical Staves
 r - a staff of conjuration
 D - a staff of air
Jewellery
 w - a ring of flight
Wands
 g - a wand of iceblast (11)
 A - a wand of mindburst (9)
Scrolls
 e - 4 scrolls of identify {unknown}
 i - a scroll of noise {unknown}
 l - a scroll of magic mapping {unknown}
 p - a scroll of enchant weapon {unknown}
 q - a scroll of enchant armour {unknown}
 s - a scroll of immolation {unknown}
 x - a scroll of teleportation {unknown}
 B - a scroll of summoning {unknown}
 C - 2 scrolls of brand weapon {unknown}
 E - a scroll of amnesia {unknown}
Potions
 b - 2 potions of curing {unknown}
 d - a potion of invisibility {unknown}
 f - a potion of ambrosia {unknown}
 h - 2 potions of flight {unknown}
 j - a potion of cancellation {unknown}
 m - a potion of haste {unknown}
 n - a potion of might {unknown}
 o - a potion of resistance {unknown}
 v - a potion of brilliance {unknown}


   Skills:
 - Level 3.2 Fighting
 - Level 4.0 Long Blades
 + Level 3.7 Spellcasting
 + Level 3.8 Conjurations
 + Level 5.9 Fire Magic


You had 8 spell levels left.
You knew the following spells:

 Your Spells              Type           Power      Damage    Failure   Level
a - Scorch                Fire           44%        2d7       2%          2
f - Dazzling Flash        Conj/Hex       18%        N/A       24%         3

Your spell library contained the following spells:

 Spells                   Type           Power      Damage    Failure   Level
 Iskenderun's Mystic Bla  Conj/Tloc      9%         2d4       61%         4
 Starburst                Conj/Fire      9%         6d5       98%         6


Dungeon Overview and Level Annotations

Branches:
Dungeon (5/15)             Temple (1/1) D:4

Altars:
Ashenzari
Cheibriados
Dithmenos
Elyvilon
Fedhas
Gozag
Kikubaaqudgha
Makhleb
Nemelex Xobeh
Qazlal
Ru
Trog
Uskayaw
Vehumet
Wu Jian
Yredelemnul
Zin
The Shining One

Shops:
D:2 ((

Annotations:
D:5 exclusion: oklob plant


Innate Abilities, Weirdness & Mutations

You can spit globs of acid.
Your golden yellow scales are hard. (AC +6)
You cannot fit into any form of body armour.
You are cold-blooded and may be slowed by cold attacks.
You are resistant to acid. (rCorr)


Message History

The kobold brigand is severely wounded.
The wraith hits you but does no damage.
You now have 4/12 mp.
Casting: Scorch (safe; 2% risk of failure)
Confirm with . or Enter, or press ? or * to list all spells.
Flames lash the wraith.
The wraith is heavily damaged.
The wraith's fire resistance burns away.
The wraith hits you but does no damage. The wraith hits you!
The wraith drains your vigour!
You feel as though you will be slow longer.
You take 9 damage, and have 35/57 hp.
You now have 2/12 mp.
Casting: Scorch (safe; 2% risk of failure)
Confirm with . or Enter, or press ? or * to list all spells.
Flames lash the scorpion zombie.
The scorpion zombie is lightly damaged.
The scorpion zombie's fire resistance burns away.
The wraith barely misses you.
You now have 1/12 mp.
The kobold brigand is no longer more vulnerable to fire.
The wraith is no longer more vulnerable to fire.
The wraith misses you.
The scorpion zombie is no longer more vulnerable to fire.
The wraith barely misses you. The wraith barely misses you.
The kobold brigand throws a poisoned dart.
The poisoned dart hits you!
You are poisoned.
The wraith closely misses you. Flames leap up around you!
You feel very sick.
The foxfire hits the scorpion zombie.
The scorpion zombie is lightly damaged.
The wraith hits you but does no damage. The kobold brigand barely misses you.
You take 4 damage, and have 34/57 hp.
Your foxfire dissipates!
You feel sick.
The foxfire hits the kobold brigand but does no damage.
The kobold brigand is heavily wounded.
The foxfire hits the kobold brigand but does no damage.
The kobold brigand is heavily wounded.
The foxfire hits the kobold brigand.
The kobold brigand is severely wounded.
The foxfire hits the kobold brigand.
The kobold brigand is almost dead.
The foxfire hits the kobold brigand.
The kobold brigand is almost dead.
The foxfire hits the kobold brigand but does no damage.
The kobold brigand is almost dead.
The foxfire hits the kobold brigand but does no damage.
The kobold brigand is almost dead.
The foxfire hits the kobold brigand.
You kill the kobold brigand!
The foxfire hits the wraith but does no damage.
The wraith is heavily damaged.
The foxfire hits the wraith but does no damage.
The wraith is heavily damaged.
The foxfire hits the wraith but does no damage.
The wraith is heavily damaged.
The foxfire hits the wraith.
The wraith is heavily damaged.
The wraith hits you. The wraith drains your vigour!
You feel as though you will be slow longer.
You take 7 damage, and have 27/57 hp.
You feel sick.
You see here 17 stones.
You take 2 damage, and have 25/57 hp.
Casting: Scorch (safe; 2% risk of failure)
Confirm with . or Enter, or press ? or * to list all spells.
Flames lash the wraith but do no damage.
You feel sick. The wraith misses you. The wraith barely misses you.
You take 1 damage, and have 24/57 hp.
You now have 1/12 mp.
You feel sick.
You take 1 damage, and have 23/57 hp.
You have got your breath back.
You feel sick.
You are no longer poisoned.
The wraith hits you!
* * * LOW HITPOINT WARNING * * *
You take 8 damage, and have 15/57 hp.
Press: ? - help, Shift-Dir - straight line, f/p - wraith
Aim: a wraith (heavily damaged)
You spit a glob of acid.
The glob of acid hits the wraith.
The acid corrodes the wraith!
The wraith is severely damaged.
The acid splashes onto the scorpion zombie!
The scorpion zombie is splashed with acid.
The acid corrodes the scorpion zombie!
The scorpion zombie hits you but does no damage.
The wraith hits you!
* * * LOW HITPOINT WARNING * * *
The wraith drains your vigour!
You feel as though you will be slow longer.
The scorpion zombie misses you.
You take 7 damage, and have 8/57 hp.
Flames leap up around you! The wraith hits you but does no damage.
The scorpion zombie hits you.
* * * LOW HITPOINT WARNING * * *
The wraith hits you!
You die...

#.........####....####..#
##.####....##....## #.(###
#..#............# #....)
##...#####.....## #.####
#...#####..#### #.....
##.)..#....#########.####
##...###vvv..>.......#
##.....#vvvv.########.#
#......vW@vv.# #.#
#..####vZvvv.########.####
#...##.vv##v...........##.
#...##.................##.
#...##....##..########.##.
#.........##..# #.##.
#.........##..# ######.##.
#........###..###.....#...
##########
#......####รท###


You could see a wraith (corroded, ally target) and a scorpion zombie (corroded,
ally target).

Vanquished Creatures
  A sky beast (D:5)
  2 ogres
  A kobold brigand (D:5)
  A bullfrog (D:4)
  A jelly (D:4)
  A hound (D:3)
  A bullfrog skeleton (D:5)
  Ijyb (D:5)
  2 iguanas
  An orc wizard (D:3)
  A hound skeleton (D:4)
  A howler monkey zombie (D:5)
  4 adders
  An adder skeleton (D:4)
  A worm (D:3)
  A dart slug (D:4)
  4 orcs
  9 endoplasms
  3 goblins (D:3)
  3 hobgoblins
  2 jackals (D:4)
  5 kobolds
  6 quokkas
  6 ball pythons
  7 bats
  6 frilled lizards
  4 rats
76 creatures vanquished.

Vanquished Creatures (collateral kills)
  4 foxfires (D:5)
4 creatures vanquished.

Vanquished Creatures (others)
  An orc wizard (D:3)
  24 foxfires (D:5)
  2 fungi (D:5)
  5 plants (D:5)
  20 toadstools (D:5)
52 creatures vanquished.

Grand Total: 132 creatures vanquished

Notes
Turn   | Place    | Note
-------+----------+-------------------------------------------
     0 | D:1      | SkeletonJelly the Draconian Cinder Acolyte began the quest
                  | for the Orb.
     0 | D:1      | Reached XP level 1. HP: 19/19 MP: 2/2
   318 | D:1      | Reached XP level 2. HP: 24/26 MP: 3/3
   321 | D:1      | Learned a level 2 spell: Scorch
   688 | D:2      | Found a faded altar of an unknown god.
   704 | D:2      | Found Jiacw's Antique Weapon Shoppe.
   975 | D:2      | Reached XP level 3. HP: 31/31 MP: 1/4
  1019 | D:2      | Found Needur's Weapon Shoppe.
  2007 | D:3      | Reached skill level 4 in Fire Magic
  2007 | D:3      | Reached XP level 4. HP: 38/38 MP: 0/5
  2098 | D:3      | Found a sparkling altar of Nemelex Xobeh.
  2225 | D:3      | Reached skill level 1 in Conjurations
  2562 | D:3      | Learned a level 3 spell: Dazzling Flash
  2715 | D:4      | Found a staircase to the Ecumenical Temple.
  2723 | Temple   | Entered the Ecumenical Temple
  2858 | D:4      | Reached XP level 5. HP: 45/45 MP: 0/7
  3112 | D:4      | Noticed an ogre
  3118 | D:4      | Killed an ogre
  3119 | D:4      | Reached skill level 5 in Fire Magic
  3119 | D:4      | Reached XP level 6. HP: 43/51 MP: 1/9
  3557 | D:4      | Found an opulent altar of Gozag.
  3848 | D:5      | Entered Level 5 of the Dungeon
  3920 | D:5      | Found a blossoming altar of Fedhas.
  3924 | D:5      | Noticed Ijyb
  3928 | D:5      | Killed Ijyb
  3950 | D:5      | Noticed an oklob plant
  4511 | D:5      | Found a white marble altar of Elyvilon.
  4648 | D:5      | Noticed a sky beast
  4661 | D:5      | Killed a sky beast
  4662 | D:5      | Your scales start taking on a golden yellow colour.
  4662 | D:5      | Reached XP level 7. HP: 40/57 MP: 1/12
  4662 | D:5      | Gained mutation: You are resistant to acid. (rCorr) [Yellow
                  | Draconian growth]
  4895 | D:5      | Noticed a wraith
  4934 | D:5      | Slain by a wraith

Illustrated notes

Levels and vault maps discovered:
D:1:      scummos_arrival_simple_fountains, layout_rooms, serial_corexii_hall,
          chequers_hall_statues_wall_a, corexii_hall_statues_i
D:2:      layout_loops_ring, serial_shops, shop, shop,
          ebering_ecumenical_altar_hall
D:3:      layout_loops_ring, lemuel_doored_altar
D:4:      layout_rooms, kennysheep_mini, minmay_temple_entry_ruins
D:5:      layout_loops_ring, mainiacjoe_overflow_chevrons, tgw_fedhas,
          hangedman_decor_growths, ebering_dispersal_statue_hall,
          minmay_manual_mess, uniq_ijyb, uniq_duvessa
Temple:   eino_narrow_crystal_temple

Skill      XL: |  1  2  3  4  5  6 |
---------------+-------------------+-----
Long Blades    | 4 |  4.0
Fire Magic     | 4 5 |  5.9
Conjurations   | 1 2 3 |  3.8
Spellcasting   | 2 3 |  3.7
Fighting       | |  3.2

Action                   |  1- 3 |  4- 6 |  7- 9 || total
-------------------------+-------+-------+-------++-------
Melee: Falchion          |    64 |    55 |       ||   119
       Tailslap          |     6 |     7 |       ||    13
 Cast: Scorch            |    22 |    63 |     7 ||    92
Invok: Foxfire Swarm     |       |     1 |     2 ||     3
 Abil: Breathe Acid      |       |       |     3 ||     3
Evoke: Wand              |       |     2 |     1 ||     3
Armor: Skin              |    24 |    23 |     5 ||    52
Dodge: Dodged            |    41 |    24 |     9 ||    74

Table legend: (Time is in decaauts)
 A = Elapsed time spent in this place.
 B = Non-inter-level travel time spent in this place.
 C = Inter-level travel time spent in this place.
 D = Time resting spent in this place.
 E = Time spent auto-exploring this place.
 F = Levels seen in this place.
 G = Mean time per level.
                   A        B        C        D        E       F      G
               +--------+--------+--------+--------+--------+-----+--------+
         Total |   4959 |   4774 |    185 |    121 |   3943 |   6 |  826.5 |
       Dungeon |   4828 |   4652 |    176 |    121 |   3829 |   5 |  965.6 |
        Temple |    130 |    121 |      9 |      0 |    114 |   1 |  130.0 |
               +--------+--------+--------+--------+--------+-----+--------+

Top non-repeatable levels by time:
     D:3: 1208 daAuts
     D:5: 1098 daAuts
     D:4: 1050 daAuts
     D:2: 1019 daAuts
     D:1: 451 daAuts
  Temple: 130 daAuts
